 Dungeon Crawl Stone Soup version 0.28-a0-726-g4a9143789a (webtiles) character file.

Game seed: 16287496830351668254

424 bande the Chopper (level 6, -1/39 HPs)
             Began as a Gargoyle Fighter on Oct 28, 2021.
             Killed from afar by an orc wizard (5 damage)
             ... with a magic dart
             ... on level 4 of the Dungeon.
             The game lasted 00:05:10 (5187 turns).

bande the Chopper (Gargoyle Fighter)                Turns: 5187, Time: 00:05:11

Health: -1/39      AC: 15    Str: 21    XL:     6   Next: 96%
Magic:  6/6        EV:  9    Int:  8    God:
Gold:   38         SH:  0    Dex: 10    Spells: 5/5 levels left

rFire   . . .      SeeInvis .   a - +0 war axe
rCold   . . .      Faith    .   c - +0 buckler
rNeg    + . .      Spirit   .   b - +0 scale mail
rPois   ∞          Reflect  .   i - +0 helmet
rElec   +          Harm     .   d - +1 cloak
rCorr   .          Rampage  .   (no gloves)
Will    .....                   (no boots)
Stlth   ..........              (no amulet)
HPRegen 0.13/turn               (no ring)
MPRegen 0.10/turn               (no ring)

@: confused
A: sickness immunity, AC +4, negative energy resistance 1, electricity
resistance, torment resistance 1, petrification resistance
a: no special abilities


You were on level 4 of the Dungeon.
You visited 1 branch of the dungeon, and saw 4 of its levels.

You collected 38 gold pieces.

Inventory:

Hand Weapons
 a - a +0 war axe (weapon)
 k - a +0 mace of protection
Armour
 b - a +0 scale mail (worn)
 c - a +0 buckler (worn)
 d - a +1 cloak (worn)
 i - a +0 helmet (worn)
Wands
 l - a wand of paralysis (2)
 m - a wand of flame (18)
Scrolls
 e - a scroll of fog {unknown}
 f - 2 scrolls of teleportation {unknown}
 g - a scroll of identify {unknown}
 h - a scroll of magic mapping {unknown}
 j - a scroll of vulnerability {unknown}
 n - a scroll of noise {unknown}
 o - a scroll of brand weapon {unknown}


   Skills:
 + Level 4.4 Fighting
 + Level 4.6 Axes
 + Level 4.5 Armour
 + Level 4.1 Shields
 * Level 1.5 Evocations


You had 5 spell levels left.
You didn't know any spells.
Your spell library contained the following spells:

 Spells                   Type           Power      Damage    Failure   Level
 Apportation              Tloc           0%         N/A       75%         1
 Magic Dart               Conj           0%         1d3       75%         1
 Call Imp                 Summ           0%         N/A       86%         2
 Wereblood                Tmut           0%         N/A       86%         2
 Mephitic Cloud           Conj/Pois/Air  0%         N/A       98%         3
 Alistair's Intoxication  Tmut/Pois      0%         N/A       100%        5
 Invisibility             Hex            0%         N/A       100%        6
 Summon Hydra             Summ           0%         N/A       100%        7
 Sublimation of Blood     Necr           Unusable   N/A       N/A         2

Dungeon Overview and Level Annotations

Branches:
Dungeon (4/15)
 Temple: D:4-7

Altars:
Vehumet

Annotations:
D:2 Sigmund
D:3 exclusion: statue


Innate Abilities, Weirdness & Mutations

You are immune to sickness and miasma.
Your stone body is resilient. (AC +4)
You are immune to poison.
You resist negative energy. (rN+)
You are resistant to electric shocks. (rElec)
You are resistant to unholy torment.
You are immune to petrification.


Message History

You hear some strange, mumbled words.
Something tries to affect you, but you resist.
You hear some strange, mumbled words.
Something tries to affect you, but you resist.
Unknown command.
You miss something. You slash the goblin!
You kill the goblin!
You closely miss something. You block something's attack.
The orc throws a stone.
The stone hits you but does no damage. Something hits you.
* * * LOW HITPOINT WARNING * * *
Something hits you.
* * * LOW HITPOINT WARNING * * *
You closely miss something. You miss something.
Something hits you but does no damage. x2; You block the orc's attack.
You completely miss something. You closely miss the orc. You hit something.
Something hits you but does no damage. x2; The orc hits you but does no damage.
Something hits you.
* * * LOW HITPOINT WARNING * * *
Unknown command.
You hit something but do no damage. You slash the orc!
You kill the orc!
You miss something.
Something hits you but does no damage. x2
Unknown command.
Unknown command.
You miss something. You hit something. Something hits you but does no damage.
You hear some strange, mumbled words.
A puff of flame appears from out of thin air!
The puff of flame hits you but does no damage.
Something hits you but does no damage.
You miss something. You closely miss something.
You hear some strange, mumbled words.
You are confused.
Something hits you but does no damage. x2
Unknown command.
You bump into the rock wall.
You hear some strange, mumbled words.
A magic dart appears from out of thin air!
The magic dart hits you.
You die...

#.# #.. ..# #.##.#
#.####.# # #....#
#......# #.
##.#.)###>#### o.
#............# #.
#..#..#.####.#
#.##.#...#.#.# ##.##
...!...)##.#.###.#.######
#......{@{...##.###......
######.###.#####.#.######
#. #.# ##)## #. #.# ###
#. #.# .. ..# ##


There were no monsters in sight!

Vanquished Creatures
  A phantom (D:4)
  Crazy Yiuf (D:2)
  An orc priest (D:4)
  Ijyb (D:3)
  Natasha (thrice) (D:2)
  A hound skeleton (D:3)
  Robin (D:2)
  5 adders
  A shadow imp (D:3)
  2 worms (D:2)
  2 dart slugs
  9 orcs
  5 ball pythons
  7 endoplasms
  5 giant cockroaches
  17 goblins
  10 hobgoblins
  6 jackals
  A quokka (D:1)
  5 bats
  7 frilled lizards
  9 kobolds
  5 rats
105 creatures vanquished.

Notes
Turn   | Place    | Note
-------+----------+-------------------------------------------
     0 | D:1      | bande the Gargoyle Fighter began the quest for the Orb.
     0 | D:1      | Reached XP level 1. HP: 14/14 MP: 1/1
   191 | D:1      | Reached XP level 2. HP: 19/19 MP: 2/2
   662 | D:1      | Reached XP level 3. HP: 20/23 MP: 3/3
  1541 | D:2      | Noticed Sigmund
  1819 | D:2      | Reached XP level 4. HP: 29/29 MP: 4/4
  1834 | D:2      | Noticed Robin
  1848 | D:2      | Killed Robin
  2242 | D:2      | Noticed Natasha
  2246 | D:2      | Killed Natasha
  2260 | D:2      | Reached XP level 5. HP: 33/33 MP: 5/5
  2625 | D:2      | Noticed Natasha
  2642 | D:2      | Killed Natasha
  2815 | D:2      | Found a runed translucent door.
  2816 | D:2      | Noticed Crazy Yiuf
  3060 | D:2      | Noticed Natasha
  3065 | D:2      | Killed Natasha
  3156 | D:2      | Killed Crazy Yiuf
  3681 | D:3      | Found a radiant altar of Vehumet.
  3682 | D:3      | Noticed a frost-covered statue
  3699 | D:3      | Reached XP level 6. HP: 36/38 MP: 6/6
  3937 | D:3      | Noticed Ijyb
  3943 | D:3      | Paralysed by Ijyb for 7 turns
  3954 | D:3      | Killed Ijyb
  4489 | D:3      | Reached skill level 1 in Evocations
  5187 | D:4      | Killed from afar by an orc wizard

Illustrated notes

Levels and vault maps discovered:
D:1:      dpeg_chamrin_arrival_tetris, layout_loops_ring,
          chequers_serial_rivers_micro_d
D:2:      layout_basic, uniq_natasha, uniq_sigmund, uniq_robin,
          uniq_crazy_yiuf_cottage
D:3:      layout_basic, vehumet_statue, corexii_corridor_pit, roderic_lattice_a,
          uniq_ijyb
D:4:      layout_loops_ring, xom_confusion_cloud

Skill      XL: |  1  2  3  4  5  6 |
---------------+-------------------+-----
Axes           | 2 3 4 |  4.6
Armour         | 4 |  4.5
Fighting       | 4 |  4.4
Shields        | 4 |  4.1
Evocations     | 1 |  1.5

Action                   |  1- 3 |  4- 6 || total
-------------------------+-------+-------++-------
Melee: War axe           |   111 |   244 ||   355
  Use: Potion            |       |     3 ||     3
Armor: Scale mail        |    79 |   194 ||   273
Dodge: Dodged            |    70 |   116 ||   186
Block: Buckler           |    25 |    69 ||    94

Table legend: (Time is in decaauts)
 A = Elapsed time spent in this place.
 B = Non-inter-level travel time spent in this place.
 C = Inter-level travel time spent in this place.
 D = Time resting spent in this place.
 E = Time spent auto-exploring this place.
 F = Levels seen in this place.
 G = Mean time per level.
                   A        B        C        D        E       F      G
               +--------+--------+--------+--------+--------+-----+--------+
         Total |   5325 |   5137 |    188 |   1740 |   2511 |   4 | 1331.2 |
       Dungeon |   5325 |   5137 |    188 |   1740 |   2511 |   4 | 1331.2 |
               +--------+--------+--------+--------+--------+-----+--------+

Top non-repeatable levels by time:
     D:2: 2028 daAuts
     D:1: 1611 daAuts
     D:3: 1570 daAuts
     D:4: 115 daAuts
